 Dungeon Crawl Stone Soup version 0.32-a0-932-g546787307d (webtiles) character file.

Game seed: 1689783353840225959

9102 Twinkles the Fighter (level 11, 0/84 HPs)
             Began as a Djinni Fire Elementalist on Apr 13, 2024.
             Was an Initiate of Gozag.
             Slain by a wolf (1 damage)
             ... while petrified by a basilisk
             ... on level 8 of the Dungeon on Apr 14, 2024.
             The game lasted 01:01:09 (10305 turns).

Twinkles the Fighter (Djinni Fire Elementalist)    Turns: 10305, Time: 01:01:10

Health: 0/84       AC:  5    Str: 13    XL:     11   Next: 68%
Gold:   662        EV:  2    Int: 21    God:    Gozag SH:  0 Dex: 14

rFire   + + .        j - +1 dagger (elec)
rCold   x . .        N - +2 kite shield
rNeg    + + +        a - +0 robe
rPois   ∞            e - +0 helmet
rElec   .            O - +0 cloak
rCorr   .            o - +0 pair of gloves
SInv    .            (boots unavailable)
Will    +....        b - amulet of regeneration
Stlth   ++           d - +6 ring of strength
HPRegen 1.14/turn    (no ring)

%: infuse magic (-1 HP)
@: petrified, flying
A: sickness immunity, fire resistance 2, cold vulnerability 1, float, innate
caster, HP casting, extra vitality 1
a: Renounce Religion, Potion Petition, Call Merchant, Bribe Branch


You were on level 8 of the Dungeon.
You worshipped Gozag.
Gozag was pleased with you.
You visited 2 branches of the dungeon, and saw 11 of its levels.

You collected 1017 gold pieces.
You spent 214 gold pieces at shops.
You paid 141 gold pieces to Gozag.

Inventory:

Hand Weapons
 j - a +1 dagger of electrocution (weapon)
 u - a +3 dagger
 P - the +1 dagger "Tecver" {chaos, rF+ Str+3 Int+4 Stlth-}
   (You found it on level 2 of the Dungeon)

   Str+3:     It affects your strength (+3).
   Int+4:     It affects your intelligence (+4).
   rF+:       It protects you from fire.
   Stlth-:    It makes you less stealthy.
Missiles
 r - 45 poisoned darts
Armour
 a - a +0 robe (worn)
 e - a +0 helmet (worn)
 o - a +0 pair of gloves (worn)
 N - a +2 kite shield (worn)
 O - a +0 cloak (worn)
Magical Staves
 A - a staff of conjuration
Jewellery
 b - an amulet of regeneration (around neck)
 d - a +6 ring of strength (left hand)
Wands
 h - a wand of acid (18)
 p - a wand of paralysis (6)
 q - a wand of flame (16)
 y - a wand of mindburst (30)
 z - a wand of roots (14)
Scrolls
 f - a scroll of noise {unknown}
 i - 3 scrolls of amnesia {unknown}
 k - 4 scrolls of identify {unknown}
 l - a scroll of enchant weapon {unknown}
 m - 2 scrolls of immolation {unknown}
 t - a scroll of silence {unknown}
 v - 3 scrolls of butterflies {unknown}
 w - a scroll of enchant armour {unknown}
 x - a scroll of vulnerability {unknown}
 E - 4 scrolls of fear
 F - 2 scrolls of fog {unknown}
 G - a scroll of acquirement {unknown}
 H - a scroll of poison {unknown}
 J - 2 scrolls of revelation {unknown}
 Y - 6 scrolls of teleportation
Potions
 c - a potion of mutation {unknown}
 g - 7 potions of curing {unknown}
 n - 2 potions of ambrosia {unknown}
 s - a potion of brilliance {unknown}
 B - 3 potions of attraction {unknown}
 C - 2 potions of might {unknown}
 D - 2 potions of cancellation {unknown}
 I - a potion of lignification {unknown}
 K - 3 potions of enlightenment {unknown}
 L - a potion of haste {unknown}
 M - 2 potions of heal wounds {unknown}


   Skills:
 + Level 9.2 Fighting
 - Level 6.4 Dodging
 - Level 1.7 Stealth
 + Level 8.6 Shields
 + Level 7.4 Spellcasting
 + Level 7.4 Conjurations
 + Level 7.4 Hexes
 + Level 7.4 Summonings
 + Level 7.4 Necromancy
 + Level 7.4 Translocations
 + Level 7.4 Fire Magic
 + Level 7.4 Ice Magic
 + Level 7.4 Air Magic
 + Level 7.4 Earth Magic
 + Level 7.4 Alchemy
 - Level 6.5 Invocations


You knew the following spells:

 Your Spells              Type           Power      Damage    Failure   Level
a - Foxfire               Conj/Fire      100%       2x1d9     1%          1
b - Scorch                Fire           78%        2d8       1%          2
c - Volatile Blastmotes   Fire/Tloc      78%        2d16      3%          3
d - Inner Flame           Hex/Fire       39%        N/A       3%          3
e - Flame Wave            Conj/Fire      39%        2d11      10%         4
f - Apportation           Tloc           78%        N/A       1%          1
g - Jinxbite              Hex            78%        N/A       1%          2
h - Maxwell's Portable P  Tloc           39%        2d(9-25)  3%          3
i - Tukima's Dance        Hex            39%        N/A       3%          3
j - Borgnjor's Vile Clut  Necr/Erth      19%        N/A       28%         5
Your spell library was empty.

Dungeon Overview and Level Annotations

Branches:
Dungeon (10/15) Zot: 25944  Temple (0/1) D:7            Lair (1/5) D:8 Zot: 5850
    Orc (0/2) D:10

Altars:
Cheibriados
Dithmenos
Elyvilon
Gozag
Makhleb
Nemelex Xobeh
Qazlal
Wu Jian
Xom

Shops:
D:1 !   D:2 *=:*=   D:6 *   D:8 *

Annotations:
Lair:1 exclusion: oklob plant


Innate Abilities, Weirdness & Mutations

You are immune to sickness and miasma.
You are immune to poison.
Your flesh is very heat resistant. (rF++)
You are vulnerable to cold. (rC-)
You float through the air rather than walking.
You learn spells naturally, not from books.
Your magical power is your life essence.
You have superior vitality. (+4 MHP)


Message History

You block the wolf's attack. The wolf attacks as it pursues you!
You block the wolf's attack.
A basilisk comes into view.
The wolf bites you but does no damage. You block the wolf's attack.
The wolf bites you.
* * * LOW HITPOINT WARNING * * *
There is a staircase back to the Dungeon here.
You block the wolf's attack. The wolf bites you.
* * * LOW HITPOINT WARNING * * *
You block the wolf's attack. The basilisk gazes at you.
You are slowing down.
The wolf bites you. The wolf bites you!
* * * LOW HITPOINT WARNING * * *
You fly upwards.
Welcome back to the Dungeon!
You have turned to stone.
The wolf bites you.
* * * LOW HITPOINT WARNING * * *
The wolf bites you.
* * * LOW HITPOINT WARNING * * *
The wolf bites you but does no damage. The wolf bites you!
* * * LOW HITPOINT WARNING * * *
The wolf bites you.
* * * LOW HITPOINT WARNING * * *
The wolf bites you.
* * * LOW HITPOINT WARNING * * *
The wolf bites you.
* * * LOW HITPOINT WARNING * * *
The wolf bites you.
* * * LOW HITPOINT WARNING * * *
The wolf barely misses you. The wolf bites you.
* * * LOW HITPOINT WARNING * * *
You feel your willpower return. The wolf bites you!
* * * LOW HITPOINT WARNING * * *
The wolf bites you!
* * * LOW HITPOINT WARNING * * *
The wolf bites you but does no damage. The wolf barely misses you.
The wolf bites you.
You die...
Your body crumbles into a pile of gold.

#.......#.~~.~≈÷.~.≈≈≈...........
#._.....#...~~≈~.~≈~≈~...........
#.......#....~~~.~≈≈~~...........
#..####'#..~~.~~.~≈≈~............
####.......~~~...~~≈~...####'####
'.........≈~≈~.....≈~~..........#
#.......)≈)≈≈~~....~~~..........#
#.....)..~≈≈≈~..h...≈.~≈........#
#........≈≈≈≈≈~.@h~.~~~..##.#####
#.....###≈≈≈≈~~..h.~~~...##.#....
#.....# #≈≈≈≈~.≈.~.~÷÷~.....#....
#.....# #≈~≈≈~~≈~~~~~.....÷.#....
#.....# #...~≈≈≈÷~~≈≈.......#....
#.....###.~.≈~≈≈~.~~~~..#####....
.......##..≈~.~~~~......#...##...
.....).#...≈~..~.≈......'....#...
.......#.......~........#....'...


You could see 3 wolves.

Vanquished Creatures
  A two-headed ogre (D:10)
  A dancing weapon (D:8)
  Maurice (D:7)
  A cane toad (Lair:1)
  A kobold demonologist (D:10)
  A komodo dragon (Lair:1)
  A troll (D:8)
  Grinder (D:4)
  A shadow (D:10)
  Eustachio (D:6)
  A wraith (D:10)
  17 yaks
  4 water moccasins
  2 ice beasts
  2 orc warriors
  3 ogres
  A sky beast (D:7)
  6 wolves
  2 centaurs
  3 kobold brigands
  2 bullfrogs
  A gnoll sergeant (D:9)
  2 scorpions
  5 killer bees (D:9)
  5 electric eels (D:8)
  3 jellies
  2 bombardier beetles
  8 hounds
  4 orc priests
  A sleepcap (D:7)
  2 iguanas
  15 orc wizards
  13 gnolls
  7 adders
  2 white imps
  4 ufetubi (D:6)
  3 ribbon worms
  A dart slug (D:3)
  29 orcs
  4 endoplasms
  3 giant cockroaches
  4 goblins
  10 hobgoblins
  3 jackals (D:1)
  2 quokkas
  3 ball pythons
  A frilled lizard (D:3)
  21 kobolds
  5 rats
216 creatures vanquished.

Vanquished Creatures (collateral kills)
  Crazy Yiuf (D:7)
  An orc (D:8)
  A foxfire (D:4)
3 creatures vanquished.

Vanquished Creatures (others)
  3 dancing weapons (D:10)
  265 foxfires
268 creatures vanquished.

Grand Total: 487 creatures vanquished

Notes
Turn   | Place    | Note
-------+----------+-------------------------------------------
     0 | D:1      | Twinkles the Djinni Fire Elementalist began the quest for
                  | the Orb.
     0 | D:1      | Twinkles set off with the following spells memorised:
                  | Foxfire, Scorch, Volatile Blastmotes, Inner Flame, Flame
                  | Wave.
     0 | D:1      | Reached XP level 1. HP: 15/15 MP: 0/0
   331 | D:1      | Reached XP level 2. HP: 13/21 MP: 0/0
   532 | D:1      | Found Ataoseed's Distillery.
   657 | D:2      | Found Etuif's General Store.
   657 | D:2      | Found Feviag's Book Emporium.
   786 | D:2      | Reached XP level 3. HP: 25/26 MP: 0/0
   786 | D:2      | Learned a level 1 spell: Apportation
   815 | D:2      | Reached skill level 1 in Fighting
   981 | D:2      | Reached XP level 4. HP: 18/32 MP: 0/0
  1040 | D:2      | You are sucked into a shaft and drop 2 floors!
  1140 | D:3      | Reached skill level 2 in Fighting
  1140 | D:3      | Reached XP level 5. HP: 33/38 MP: 0/0
  1140 | D:3      | Learned a level 2 spell: Jinxbite
  2136 | D:2      | Found Lipnusuwk's Jewellery Boutique.
  2353 | D:2      | Found Wuxzotyf's Jewellery Shoppe.
  2353 | D:2      | Identified the +1 dagger "Tecver" {chaos, rF+ Str+3 Int+4
                  | Stlth-}
  2604 | D:2      | Found Goomiemn's General Store.
  2828 | D:4      | Reached XP level 6. HP: 40/45 MP: 0/0
  2926 | D:4      | Reached skill level 3 in Fighting
  2987 | D:4      | Noticed an ogre
  3003 | D:4      | Killed an ogre
  3243 | D:4      | Noticed Grinder
  3247 | D:4      | Killed Grinder
  3248 | D:4      | Reached skill level 5 in Dodging
  3248 | D:4      | Reached XP level 7. HP: 47/51 MP: 0/0
  3248 | D:4      | Learned a level 3 spell: Maxwell's Portable Piledriver
  3260 | D:4      | Identified the +6 whip of Plunder {flame, rPois Dex+4}
  3336 | D:4      | Found a white marble altar of Elyvilon.
  3526 | D:4      | Reached skill level 4 in Fighting
  3978 | D:5      | Entered Level 5 of the Dungeon
  4031 | D:5      | Found an ornate altar of the Wu Jian Council.
  4094 | D:5      | Reached XP level 8. HP: 55/58 MP: 0/0
  4273 | D:4      | Became a worshipper of Elyvilon the Healer
  4410 | D:5      | Found a shimmering altar of Xom.
  4437 | D:5      | Reached skill level 5 in Spellcasting
  4437 | D:5      | Reached skill level 5 in Conjurations
  4437 | D:5      | Reached skill level 5 in Hexes
  4437 | D:5      | Reached skill level 5 in Summonings
  4437 | D:5      | Reached skill level 5 in Necromancy
  4437 | D:5      | Reached skill level 5 in Translocations
  4437 | D:5      | Reached skill level 5 in Fire Magic
  4437 | D:5      | Reached skill level 5 in Ice Magic
  4437 | D:5      | Reached skill level 5 in Air Magic
  4437 | D:5      | Reached skill level 5 in Earth Magic
  4437 | D:5      | Reached skill level 5 in Alchemy
  4437 | D:5      | Reached skill level 1 in Invocations
  4635 | D:5      | Reached * piety under Elyvilon
  4905 | D:6      | Noticed Eustachio
  4926 | D:6      | HP: 19/58 [Eustachio/+0 falchion (8)]
  4927 | D:6      | Killed Eustachio
  4928 | D:6      | Reached skill level 5 in Fighting
  5304 | D:6      | Found Ruruk's Neck Hole.
  5350 | D:6      | Reached XP level 9. HP: 54/65 MP: 0/0
  5350 | D:6      | Learned a level 3 spell: Tukima's Dance
  5441 | D:6      | Reached ** piety under Elyvilon
  5678 | D:7      | Noticed Maurice
  5684 | D:7      | Reached skill level 1 in Shields
  5684 | D:7      | Something stole a +3 dagger
  5684 | D:7      | HP: 20/65 [something (5)]
  5687 | D:7      | Killed Maurice
  5688 | D:7      | Reached skill level 6 in Fighting
  5797 | D:7      | Identified the +6 battleaxe of Slow Death {heavy, rN++
                  | Int-4 Dex+3}
  5885 | D:7      | Found a runed translucent door.
  5886 | D:7      | Noticed Crazy Yiuf
  5951 | D:7      | Found a staircase to the Ecumenical Temple.
  6069 | D:7      | Found a stormy altar of Qazlal.
  6505 | D:7      | Reached *** piety under Elyvilon
  6728 | D:8      | Found Mimek's Changing Room.
  6786 | D:8      | Noticed a troll
  7037 | D:8      | Reached XP level 10. HP: 73/73 MP: 0/0
  7132 | D:8      | Found a staircase to the Lair.
  7192 | D:8      | Reached skill level 5 in Invocations
  7263 | D:8      | Reached skill level 7 in Fighting
  7272 | D:8      | Reached skill level 5 in Shields
  7301 | D:8      | Reached **** piety under Elyvilon
  7372 | D:8      | Found an opulent altar of Gozag.
  7480 | D:8      | Found a burning altar of Makhleb.
  7678 | D:8      | HP: 20/75 [yak (16)]
  7681 | D:8      | HP: 9/75 [yak (13)]
  7685 | D:8      | HP: 3/75 [cloud of flame (5)]
  7777 | D:9      | HP: 24/75 [yak (14)]
  7863 | D:9      | HP: 25/76 [cloud of flame (7)]
  8092 | D:9      | Found a sparkling altar of Nemelex Xobeh.
  8236 | D:9      | Reached XP level 11. HP: 57/81 MP: 0/0
  8236 | D:9      | Learned a level 5 spell: Borgnjor's Vile Clutch
  8239 | D:9      | Reached skill level 8 in Fighting
  8336 | D:8      | Fell from the grace of Elyvilon
  8336 | D:8      | Became a worshipper of Gozag Ym Sagoz the Greedy
  8519 | D:2      | Bought a +2 kite shield for 214 gold pieces
  8816 | D:7      | Killed Crazy Yiuf
  9107 | D:10     | Entered Level 10 of the Dungeon
  9169 | D:10     | Found a shadowy altar of Dithmenos.
  9235 | D:10     | Noticed a soul eater
  9503 | D:10     | Found a staircase to the Orcish Mines.
  9612 | D:10     | Noticed a two-headed ogre
  9622 | D:10     | Killed a two-headed ogre
 10044 | D:9      | HP: 25/82 [spore (12)]
 10153 | Lair:1   | Entered Level 1 of the Lair of Beasts
 10253 | Lair:1   | Found a snail-covered altar of Cheibriados.
 10253 | Lair:1   | Noticed an oklob plant
 10267 | Lair:1   | Noticed a catoblepas
 10268 | Lair:1   | Reached skill level 9 in Fighting
 10285 | Lair:1   | HP: 27/84 [wolf (3)]
 10285 | Lair:1   | HP: 10/84 [catoblepas (17)]
 10300 | Lair:1   | HP: 24/84 [wolf (3)]
 10304 | D:8      | HP: 11/84 [wolf (2)]
 10305 | D:8      | HP: 5/84 [wolf (5)]
 10305 | D:8      | HP: 1/84 [wolf (4)]
 10305 | D:8      | Slain by a wolf

Illustrated notes

Levels and vault maps discovered:
D:1:      dpeg_arrival_rhombi, layout_basic, serial_shops, shop
D:2:      layout_basic, serial_shops, nicolae_diamond_shop, shop, shop,
          nicolae_lakefront_shop, nicolae_shop_tiny_waterfront,
          chequers_serial_rivers_micro_b, minivault_27
D:3:      layout_basic, kennysheep_big_empty_room
D:4:      nicolae_cairo_tiling_large, layout_basic,
          nicolae_overflow_hidden_temple, serial_forest,
          infiniplex_forest_lined_room_2, infiniplex_forest_straight_3,
          infiniplex_forest_side_room, infiniplex_forest_clump_curved,
          infiniplex_forest_clump_long, infiniplex_forest_straight_5,
          infiniplex_forest_clump_curved, minivault_14,
          kennysheep_generic_room_15, uniq_grinder
D:5:      layout_gridville, nicolae_wu_jian_wuxing_cycle,
          overflow_temple_1_default, hangedman_decor_riveting,
          minmay_fountain_box, kennysheep_opposing_triangles
D:6:      layout_basic, minmay_door_square, corexii_item_surrounded_by_moat,
          nicolae_shop_sticking_my_neck_out, uniq_eustachio
D:7:      layout_loops_ring, nicolae_qazlal_beasts_of_the_sky,
          minmay_temple_entry_large_hall, uniq_maurice, uniq_crazy_yiuf_cottage
D:8:      layout_gridville, nicolae_overflow_crystal_walls,
          mainiacjoe_overflow_alcove_1, erik_lair_island,
          nicolae_transmutations_shop
D:9:      layout_basic, mainiacjoe_overflow_small_starburst
D:10:     layout_loops_ring, grunt_dithmenos_shadows, old_standard_altar,
          hiddenorc1_lemuel, serial_glass, glass_columns_a, glass_columns_a
Lair:1:   layout_hall_layers, lemuel_oklob_altar, grunt_megastairs_5

Skill      XL: |  1  2  3  4  5  6  7  8  9 10 11 |
---------------+----------------------------------+-----
Fighting       | 1 2 3 4 5 6 7 9 |  9.2
Dodging        | 3 4 5 6 |  6.4
Spellcasting   | 4 5 6 7 |  7.4
Conjurations   | 4 5 6 7 |  7.4
Hexes          | 4 5 6 7 |  7.4
Summonings     | 4 5 6 7 |  7.4
Necromancy     | 4 5 6 7 |  7.4
Translocations | 4 5 6 7 |  7.4
Fire Magic     | 4 5 6 7 |  7.4
Ice Magic      | 4 5 6 7 |  7.4
Air Magic      | 4 5 6 7 |  7.4
Earth Magic    | 4 5 6 7 |  7.4
Alchemy        | 4 5 6 7 |  7.4
Invocations    | 2 4 6 |  6.5
Shields        | 4 7 8 |  8.6
Stealth        | |  1.7

Action                     |  1- 3 |  4- 6 |  7- 9 | 10-12 || total
---------------------------+-------+-------+-------+-------++-------
  Melee: Unarmed           |    10 |       |       |       ||    10
         Punch             |     1 |       |       |       ||     1
         Dagger            |       |    22 |    12 |    51 ||    85
   Cast: Foxfire           |    31 |    24 |    48 |    64 ||   167
         Volatile Blastmot |     4 |     8 |    16 |     7 ||    35
         Scorch            |     1 |     8 |    35 |    43 ||    87
         Inner Flame       |     1 |     2 |    11 |    19 ||    33
         Jinxbite          |       |     7 |     3 |     4 ||    14
         Flame Wave        |       |     1 |    10 |    10 ||    21
         Maxwell's Portabl |       |       |     5 |     4 ||     9
         Tukima's Dance    |       |       |     4 |     9 ||    13
 Invoke: Heal Self         |       |       |       |     3 ||     3
    Use: Scroll            |       |       |     2 |     1 ||     3
   Stab: Sleeping          |       |     1 |       |       ||     1
 Armour: Robe              |    10 |    12 |    66 |   135 ||   223
  Dodge: Dodged            |    13 |    11 |    47 |    62 ||   133
  Block: Kite shield       |       |       |       |    48 ||    48

Table legend: (Time is in decaauts)
 A = Elapsed time spent in this place.
 B = Non-inter-level travel time spent in this place.
 C = Inter-level travel time spent in this place.
 D = Time resting spent in this place.
 E = Time spent auto-exploring this place.
 F = Levels seen in this place.
 G = Mean time per level.
                   A        B        C        D        E       F      G
               +--------+--------+--------+--------+--------+-----+--------+
         Total |  10321 |   9396 |    925 |    278 |   7040 |  11 |  938.3 |
       Dungeon |  10171 |   9246 |    925 |    278 |   6958 |  10 | 1017.1 |
          Lair |    150 |    150 |      0 |      0 |     82 |   1 |  150.0 |
               +--------+--------+--------+--------+--------+-----+--------+

Top non-repeatable levels by time:
     D:4: 1359 daAuts
     D:7: 1253 daAuts
     D:3: 1170 daAuts
     D:8: 1091 daAuts
     D:5: 996 daAuts
     D:2: 995 daAuts
    D:10: 931 daAuts
     D:6: 901 daAuts
     D:9: 814 daAuts
     D:1: 657 daAuts
  Lair:1: 150 daAuts
